AoeStats
← ME_DEPRIME_JUGAR_CON_USTEDES

Arena

509508626Analyzed
4v4 RM · 4d ago on Sep 27, 2026· 40m 51s· 8 players
Game mode
Random Map
Map size
Large (8 player)
Population
200
Speed
Normal
Resources
Standard
Victory
Conquest
Starting age
Dark Age
Ending age
Imperial Age
RankedLock teamsTeams togetherTeam positionsShared explorationLock speedFull tech treeHidden civsTurbo modeCheats
Victory
Defeat
🇨🇳 Mongols · China
1815
+4
🇵🇪 Cumans · Peru
1757
+5
🇹🇷 Danes · Türkiye
1667
+7
🇹🇷 Varangians · Türkiye
1647
+9
🇦🇷 Huns · Argentina
1589
-9
🇦🇷 Teutons · Argentina
1491
-7
🇦🇷 Byzantines · Argentina
1453
-6
🇦🇷 Turks · Argentina
1298
-3
noru
9:04 Feudal Age
10:46 Fletching
10:51 Loom
15:00 Double-Bit Axe
17:09 Gold Mining
22:03 Town Watch
22:54 Wheelbarrow
31:35 Castle Age
30:41 Scale Mail Armor
31:35 Forging
31:50 Pikeman
32:46 Chain Mail Armor
32:45 Squires
34:37 Bow Saw
34:22 Capped Ram
35:10 Arson
36:40 Stone Mining
37:25 Gold Shaft Mining
36:35 Horse Collar
37:37 Hand Cart
39:22 Heavy Plow
39:49 Town Patrol
USTA
6:42 Loom
8:54 Feudal Age
9:45 Double-Bit Axe
9:41 Horse Collar
11:54 Fletching
13:35 Stone Mining
21:12 Castle Age
19:42 Gold Mining
22:19 Bow Saw
22:36 Heavy Plow
24:24 Wheelbarrow
30:50 Imperial Age
29:02 Scale Barding Armor
29:54 Hand Cart
30:21 Bloodlines
30:12 Husbandry
30:22 Light Cavalry
31:57 Chain Barding Armor
33:25 Plate Barding Armor
33:47 Forging
35:44 Iron Casting
37:46 Blast Furnace
37:31 Capped Ram
39:13 Town Watch
39:10 Siege Ram
爱人跟人走
9:16 Feudal Age
12:52 Castle Age
10:54 Double-Bit Axe
11:12 Horse Collar
13:39 Heavy Plow
20:32 Gold Mining
21:23 Loom
23:36 Forging
24:43 Bow Saw
25:50 Wheelbarrow
26:51 Gold Shaft Mining
27:19 Bloodlines
27:15 Scale Barding Armor
31:19 Imperial Age
29:33 Ballistics
30:08 Hand Cart
29:54 Fletching
31:06 Bodkin Arrow
31:05 Stone Mining
32:04 Bracer
32:00 Capped Ram
33:52 Chemistry
32:41 Elite Mangudai
33:43 Conscription
34:01 Parthian Tactics
33:42 Thumb Ring
34:38 Drill
33:51 Siege Ram
35:20 Padded Archer Armor
35:22 Husbandry
36:16 Leather Archer Armor
36:57 Stone Shaft Mining
37:36 Coinage
39:49 Banking
Kuş Bilge
10:10 Feudal Age
14:33 Castle Age
12:25 Double-Bit Axe
13:40 Horse Collar
16:12 Bow Saw
19:26 Forging
21:24 Wheelbarrow
22:06 Heavy Plow
25:17 Gold Mining
29:07 Imperial Age
27:39 Hand Cart
27:34 Scale Barding Armor
27:46 Husbandry
28:20 Loom
28:48 Stone Mining
29:48 Chain Barding Armor
30:17 Conscription
29:36 Elite Jarl
31:42 Plate Barding Armor
31:40 Bloodlines
32:47 Iron Casting
32:00 Light Cavalry
33:44 Hussar
37:02 Blast Furnace
37:42 Stone Shaft Mining
JLoops
10:57 Feudal Age
14:42 Castle Age
12:49 Double-Bit Axe
13:42 Horse Collar
15:40 Bow Saw
17:33 Heavy Plow
24:23 Wheelbarrow
27:56 Imperial Age
25:58 Hand Cart
26:13 Gold Mining
26:51 Scale Barding Armor
28:06 Chain Barding Armor
27:34 Loom
28:27 Gold Shaft Mining
28:19 Fletching
30:11 Two-Man Saw
29:47 Plate Barding Armor
30:03 Conscription
29:54 Forging
30:46 Greek Fire
31:03 Husbandry
31:35 Logistica
31:45 Conscription
32:02 Crop Rotation
31:24 Stone Mining
32:05 Elite Cataphract
35:35 Iron Casting
35:36 Stone Shaft Mining
36:12 Bodkin Arrow
37:31 Bracer
38:40 Heavy Camel Rider
40:04 Hoardings
Nikems
5:58 Loom
8:37 Feudal Age
9:30 Double-Bit Axe
17:43 Fletching
21:27 Wheelbarrow
21:05 Horse Collar
27:32 Castle Age
26:29 Stone Mining
26:30 Gold Mining
30:07 Heavy Plow
33:17 Bow Saw
33:14 Padded Archer Armor
32:42 Elite Skirmisher
34:05 Hand Cart
35:09 Bodkin Arrow
35:29 Leather Archer Armor
40:50 Imperial Age
39:26 Scale Barding Armor
40:08 Ballistics
menos que Corky
10:02 Feudal Age
14:05 Loom
17:39 Horse Collar
23:17 Castle Age
21:51 Double-Bit Axe
27:40 Imperial Age
27:38 Heavy Plow
ME_DEPRIME_JUGAR_CON_USTEDES
10:34 Feudal Age
12:39 Double-Bit Axe
15:12 Castle Age
13:01 Horse Collar
16:49 Scale Barding Armor
19:40 Wheelbarrow
21:39 Chain Barding Armor
21:51 Bloodlines
22:05 Gold Mining
24:33 Husbandry
25:19 Forging
29:05 Bow Saw
30:25 Heavy Plow
32:04 Iron Casting
35:43 Imperial Age
33:38 Padded Archer Armor
34:30 Gold Shaft Mining
34:11 Fletching
36:20 Ballistics
36:21 Bodkin Arrow
36:10 Heavy Cavalry Archer
36:45 Loom
Connection lost

Rejoining the realm…

Still unreachable

The connection could not be restored.

Session expired

The server has moved on; the page needs a fresh start.